 Dungeon Crawl Stone Soup version 0.18.1-48-g4cf74bf (webtiles) character file.

141 Gargoyl the Skirmisher (level 5, 0/42 HPs)
             Began as a Demonspawn Abyssal Knight on Aug 15, 2016.
             Was a Believer of Lugonu.
             Killed from afar by an orc wizard (2 damage)
             ... with a magic dart
             ... on level 3 of the Dungeon.
             The game lasted 00:04:11 (2808 turns).

Gargoyl the Skirmisher (Demonspawn Abyssal Knight)  Turns: 2808, Time: 00:04:13

Health: 0/42       AC:  9    Str: 18    XL:     5   Next: 3%
Magic:  6/6        EV: 10    Int: 13    God:    Lugonu [**....]
Gold:   138        SH:  0    Dex: 13    Spells: 0 memorised, 4 levels left

rFire  . . .     SeeInvis .     a - +1 hand axe
rCold  . . .     Gourm    .     j - +0 chain mail
rNeg   . . .     Faith    .     (no shield)
rPois  .         Spirit   .     (no helmet)
rElec  .         Dismiss  .     (no cloak)
rCorr  .         Reflect  .     (no gloves)
SustAt .         Harm     .     (no boots)
MR     .....                    (no amulet)
Stlth  ..........               (no ring)
                                (no ring)

@: mighty, flying, not resistant to hostile enchantments, extremely unstealthy
A: repulsion field 1, demonic guardian 1
a: Depart the Abyss, Bend Space, Renounce Religion


You were on level 3 of the Dungeon.
You worshipped Lugonu.
Lugonu was pleased with you.
You were not hungry.

You visited 1 branch of the dungeon, and saw 3 of its levels.
You visited the Abyss 1 time.

You collected 138 gold pieces.

Inventory:

Hand Weapons
 a - a +1 hand axe (weapon)
 h - a cursed -2 spear
Armour
 j - a +0 chain mail (worn)
Wands
 b - a wand of lightning (10/15)
Scrolls
 d - 5 scrolls of identify {unknown}
 e - 2 scrolls of enchant weapon {unknown}
 f - 2 scrolls of remove curse {unknown}
 g - a scroll of noise {unknown}
 i - 3 scrolls of teleportation {unknown}
 n - a scroll of random uselessness {unknown}
Potions
 k - 2 potions of flight
 m - a potion of curing
Comestibles
 c - a bread ration


   Skills:
 + Level 3.7 Fighting
 + Level 2.3 Axes
 * Level 3.4 Armour
 + Level 1.9 Dodging
 + Level 2.6 Invocations


You had 4 spell levels left.
You didn't know any spells.

Dungeon Overview and Level Annotations

Branches:
Dungeon (3/15)

Altars:
Dithmenos
Trog
Beogh


Innate Abilities, Weirdness & Mutations

You are surrounded by a mild repulsion field (EV +2).
A weak demonic guardian rushes to your aid.


Message History

The orc wizard blinks!
The orc priest mumbles some strange prayers to Beogh against you.
Pain shoots through your body!
* * * LOW HITPOINT WARNING * * *
You hit the orc priest.
You kill the orc priest!
Lugonu accepts your kill.
You have reached level 5!
The orc wizard gestures at you while chanting.
The magic dart hits you!
Unknown command.
The orc wizard hits you but does no damage.
You closely miss the orc wizard.
The orc wizard is heavily wounded.
The orc wizard gestures at you while chanting.
The magic dart hits you!
* * * LOW HITPOINT WARNING * * *
The orc wizard casts a spell at you. The magic dart hits you!
You die...

#### #.$$## ###.8$8.#
#.'..o$_#
######)#.8$8$#
#......##..$##
...(.....@#####
.#.#.###.##o.#
..#.###.###.####
#....#.##.....#
#.<..#.##.#.#.#
#....#.##.#.#.#
..##.....##.#.#.####.
.........)..)........
.....######.#.###.###


You could see an orc wizard.

Vanquished Creatures
  An orc priest (D:3)
  5 adders
  A worm (D:3)
  3 dart slugs
  2 giant geckos
  An orc (D:3)
  2 ball pythons (D:1)
  5 bats
  4 giant cockroaches
  10 goblins
  7 hobgoblins
  2 jackals (D:1)
  2 giant newts (D:1)
  5 kobolds
  6 rats
56 creatures vanquished.

Notes
Turn   | Place    | Note
--------------------------------------------------------------
     0 | Abyss:1  | Gargoyl the Demonspawn Abyssal Knight began the quest for the Orb.
     0 | Abyss:1  | Reached XP level 1. HP: 18/18 MP: 2/2
    22 | Abyss:1  | Found a snail-covered altar of Cheibriados.
    47 | Abyss:2  | Found a corrupted altar of Lugonu.
    83 | Abyss:3  | Noticed a smoke demon
    84 | D:1      | Escaped the Abyss
   317 | D:1      | Reached skill level 1 in Dodging
   406 | D:1      | Gained mutation: You are surrounded by a mild repulsion field (EV +2). [demonic ancestry]
   406 | D:1      | Reached XP level 2. HP: 7/24 MP: 3/3
   653 | D:1      | Reached * piety under Lugonu
  1120 | D:1      | Reached XP level 3. HP: 29/29 MP: 4/4
  1441 | D:2      | Found a bloodstained altar of Trog.
  1913 | D:2      | Reached ** piety under Lugonu
  2259 | D:3      | Gained mutation: A weak demonic guardian rushes to your aid. [demonic ancestry]
  2259 | D:3      | Reached XP level 4. HP: 34/35 MP: 5/5
  2448 | D:3      | Found a shadowy altar of Dithmenos.
  2796 | D:3      | Found a roughly hewn altar of Beogh.
  2806 | D:3      | Reached XP level 5. HP: 11/42 MP: 6/6
  2808 | D:3      | HP: 2/42 [orc wizard/magic dart (9)]
  2808 | D:3      | Killed from afar by an orc wizard

Skill      XL: |  1  2  3  4 |
---------------+-------------+-----
Dodging        | 1 |  1.9
Armour         | 2 3 |  3.4
Axes           | 2 |  2.3
Fighting       | |  3.7
Invocations    | |  2.6

Action                   |  1- 3 |  4- 6 || total
-------------------------+-------+-------++-------
Melee: Hand axe          |   156 |    56 ||   212
Invok: Depart the Abyss  |     1 |       ||     1
  Use: Potion            |     1 |     2 ||     3
  Eat: Chunk             |     4 |       ||     4
       Bread ration      |     1 |       ||     1
Armor: Ring mail         |    73 |       ||    73
       Chain mail        |     6 |    34 ||    40
Dodge: Dodged            |    99 |    25 ||   124
